 Dungeon Crawl Stone Soup version 0.30-a0-586-g23e55c9e0a (webtiles) character file.

Game seed: 16823313126868017805

161 Decipherer the Cudgeller (level 5, -3/72 HPs)
             Began as a Minotaur Berserker on Jan 3, 2023.
             Was a Believer of Trog.
             Slain by Terence
             ... wielding a +0 mace
              (4 damage)
             ... on level 3 of the Dungeon.
             The game lasted 00:01:25 (1338 turns).

Decipherer the Cudgeller (Minotaur Berserker)       Turns: 1338, Time: 00:01:25

Health: -3/72      AC:  3    Str: 23    XL:     5   Next: 18%
Magic:  4/4        EV: 12    Int:  4    God:    Trog [**....]
Gold:   93         SH:  0    Dex: 10    Spells: 4/4 levels left

rFire   . . .      SeeInvis .    a - +0 mace
rCold   . . .      Faith    .    (no shield)
rNeg    . . .      Spirit   .    b - +0 animal skin
rPois   .          Reflect  .    (helmet restricted)
rElec   .          Harm     .    (no cloak)
rCorr   .          Rampage  .    i - +0 pair of gloves
Will    .....                    (no boots) Stlth
                                 (no amulet)
HPRegen 0.32/turn                (no ring)
MPRegen 0.09/turn                (no ring)

@: berserking, slowed
A: horns 2, retaliatory headbutt
a: Renounce Religion, Berserk, Trog's Hand


You were on level 3 of the Dungeon.
You worshipped Trog.
Trog was pleased with you.
You visited 1 branch of the dungeon, and saw 3 of its levels.

You collected 93 gold pieces.

Inventory:

Hand Weapons
 a - a +0 mace (weapon)
Missiles
 g - 9 boomerangs
Armour
 b - a +0 animal skin (worn)
 i - a +0 pair of gloves (worn)
 r - a +0 pair of gloves
Scrolls
 d - 3 scrolls of identify {unknown}
 e - 3 scrolls of teleportation {unknown}
 f - a scroll of fear {unknown}
 l - a scroll of amnesia {unknown}
 q - a scroll of enchant weapon {unknown}
Potions
 c - 2 potions of heal wounds {unknown}
 h - a potion of berserk rage {unknown}
 j - a potion of flight {unknown}
 k - 2 potions of degeneration {unknown}
 m - a potion of resistance {unknown}
 n - a potion of might {unknown}
 o - a potion of brilliance {unknown}
 p - a potion of mutation {unknown}


   Skills:
 + Level 5.0 Fighting
 + Level 5.3 Maces & Flails
 + Level 2.5 Armour
 + Level 3.4 Dodging
 + Level 0.3 Stealth


You had 4 spell levels left.
You didn't know any spells.
Your spell library contained the following spells:

 Spells                   Type           Power      Damage    Failure   Level
 Apportation              Tloc           0%         N/A       50%         1
 Ignite Poison            Fire/Tmut/Pois 0%         N/A       86%         3
 Kindle Blastsparks       Fire/Tloc/Air  0%         2d10      86%         3
 Vhi's Electric Charge    Tloc/Air       0%         N/A       86%         3
 Alistair's Intoxication  Tmut/Pois      0%         N/A       100%        5
 Arcjolt                  Conj/Air       0%         1d10      100%        5
 Freezing Cloud           Conj/Ice/Air   0%         6-21      100%        5
 Maxwell's Capacitive Co  Air            0%         ∞         100%        8


Dungeon Overview and Level Annotations

Branches:
Dungeon (3/15)

Altars:

Annotations:
D:3 Jessica, Terence


Innate Abilities, Weirdness & Mutations

You have a pair of horns on your head.
You reflexively headbutt those who attack you in melee.


Message History

You hit the orc priest.
The orc priest is heavily wounded.
You feel sick. The orc barely misses you. The orc closely misses you.
The orc priest barely misses you. You furiously retaliate!
You headbutt the orc priest!
You kill the orc priest!
Trog accepts your kill.
Your Maces & Flails skill increases to level 5!
You thump something! Trog accepts your kill.
Trog appreciates your killing of a magic user.
Reactivating autopickup.
You feel a bit more experienced.
You feel sick.
You are no longer poisoned.
The orc misses you.
The orc hits you from afar with a +0 trident.
Your Fighting skill increases to level 5!
You have reached level 5!
You closely miss Jessica. Your headbutt misses Jessica.
The orc hits you from afar with a +0 trident.
The orc hits you but does no damage.
Jessica points at you and mumbles some strange words.
You feel yourself slow down.
You closely miss Jessica. Jessica hits you with a +0 club.
The orc hits you with a +0 short sword.
* * * LOW HITPOINT WARNING * * *
The orc hits you from afar with a +0 trident.
* * * LOW HITPOINT WARNING * * *
You closely miss Jessica. Jessica gestures at you while chanting.
Pain shoots through your body!
* * * LOW HITPOINT WARNING * * *
The orc hits you but does no damage.
The orc hits you from afar with a +0 trident.
* * * LOW HITPOINT WARNING * * *
Jessica barely misses you.
You are too berserk!
Jessica attacks as you move away! Jessica closely misses you.
Terence attacks as you move away! Terence hits you with a +0 mace.
You die...

#.........
#........#####
#.............
#...?.........
###.............
...............
......)@....#
.....o@@....#
.......o....#
............#
.......$....#######
..................#
..................+
..................#
..................#
.................#


You could see Terence, Jessica (fast) and 2 orcs.

Vanquished Creatures
  An orc priest (D:3)
  An orc wizard (D:3)
  4 adders (D:2)
  2 worms (D:2)
  2 dart slugs
  An orc (D:3)
  3 bats
  7 endoplasms
  2 giant cockroaches
  5 goblins
  7 hobgoblins
  10 kobolds
  A quokka (D:1)
  5 ball pythons
  4 frilled lizards (D:2)
  4 rats
59 creatures vanquished.

Notes
Turn   | Place    | Note
-------+----------+-------------------------------------------
     0 | D:1      | Decipherer the Minotaur Berserker began the quest for the
                  | Orb.
     0 | D:1      | Reached XP level 1. HP: 19/19 MP: 0/0
   258 | D:1      | Reached XP level 2. HP: 27/27 MP: 1/1
   550 | D:1      | Reached ** piety under Trog
   551 | D:1      | Reached XP level 3. HP: 32/33 MP: 2/2
  1048 | D:2      | Reached XP level 4. HP: 40/41 MP: 3/3
  1324 | D:3      | Noticed Jessica
  1330 | D:3      | Noticed Terence
  1334 | D:3      | Reached skill level 5 in Maces & Flails
  1335 | D:3      | Reached skill level 5 in Fighting
  1335 | D:3      | Reached XP level 5. HP: 33/48 MP: 4/4
  1337 | D:3      | HP: 1/72 [orc/+0 trident (6)]
  1338 | D:3      | Slain by Terence

Illustrated notes

Levels and vault maps discovered:
D:1:      ncdulo_watergridlock, layout_basic,
          amcnicky_mini_rare_corridor_liquid, hangedman_decor_riveting
D:2:      layout_basic
D:3:      layout_basic, lemuel_round_altar, nicolae_vehumet_altar_sigil,
          minmay_misc_feat_doors, uniq_terence, uniq_jessica

Skill      XL: |  1  2  3  4 |
---------------+-------------+-----
Maces & Flails | 4 5 |  5.3
Fighting       | 4 5 |  5.0
Dodging        | 3 |  3.4
Armour         | |  2.5
Stealth        | |  0.3

Action                   |  1- 3 |  4- 6 || total
-------------------------+-------+-------++-------
Melee: Mace              |    78 |    34 ||   112
       Headbutt          |    12 |     9 ||    21
       Punch             |     2 |       ||     2
Invok: Berserk           |       |     1 ||     1
Armor: Animal skin       |    17 |     7 ||    24
Dodge: Dodged            |    54 |    23 ||    77

Table legend: (Time is in decaauts)
 A = Elapsed time spent in this place.
 B = Non-inter-level travel time spent in this place.
 C = Inter-level travel time spent in this place.
 D = Time resting spent in this place.
 E = Time spent auto-exploring this place.
 F = Levels seen in this place.
 G = Mean time per level.
                   A        B        C        D        E       F      G
               +--------+--------+--------+--------+--------+-----+--------+
         Total |   1356 |   1328 |     28 |      0 |   1027 |   3 |  452.0 |
       Dungeon |   1356 |   1328 |     28 |      0 |   1027 |   3 |  452.0 |
               +--------+--------+--------+--------+--------+-----+--------+

Top non-repeatable levels by time:
     D:1: 903 daAuts
     D:2: 434 daAuts
     D:3: 18 daAuts
